 Dungeon Crawl Stone Soup version 0.28-a0-706-gf6f64a616a (webtiles) character file.

Game seed: 7623415816326711178

13 lawman0 the Vexing (level 2, 26/26 HPs)
             Began as a Troll Arcane Marksman on Oct 24, 2021.
             Was a Believer of Lugonu.
             Quit the game on level 1 of the Dungeon.
             The game lasted 00:00:52 (604 turns).

lawman0 the Vexing (Troll Arcane Marksman)           Turns: 604, Time: 00:00:53

Health: 26/26      AC:  4    Str: 17    XL:     2   Next: 24%
Magic:  2/2        EV:  9    Int:  9    God:    Lugonu [**....]
Gold:   0          SH:  0    Dex: 10    Spells: 3/3 levels left

rFire   . . .      SeeInvis .   (no weapon)
rCold   . . .      Faith    .   (no shield)
rNeg    . . .      Spirit   .   a - +0 robe
rPois   .          Reflect  .   (helmet restricted)
rElec   .          Harm     .   (no cloak)
rCorr   .          Rampage  .   (gloves unavailable)
Will    .....                   (boots unavailable)
Stlth   +.........              e - amulet of magic regeneration
HPRegen 1.08/turn               (no ring)
MPRegen 0.33/turn               (no ring)

@: no status effects
A: large, unfitting armour, claws 3, regeneration 1, shaggy fur 1, tough skin 1
a: Renounce Religion, Depart the Abyss, Bend Space


You were on level 1 of the Dungeon.
You worshipped Lugonu.
Lugonu was pleased with you.
You visited 1 branch of the dungeon, and saw 1 of its levels.

Inventory:

Missiles
 b - 4 large rocks (quivered)
 c - 3 throwing nets
 d - 11 poisoned darts
Armour
 a - a +0 robe (worn)
Jewellery
 e - an amulet of magic regeneration (around neck)
Scrolls
 f - a scroll of fog {unknown}
 g - a scroll of identify {unknown}


   Skills:
 + Level 0.7 Fighting
 * Level 1.8 Throwing
 + Level 1.5 Dodging
 * Level 0.4 Unarmed Combat
 + Level 1.1 Spellcasting
 * Level 2.2 Hexes


You had 3 spell levels left.
You didn't know any spells.
Your spell library contained the following spells:

 Spells                   Type           Power      Damage    Failure   Level
 Slow                     Hex            4%         N/A       22%         2
 Inner Flame              Hex/Fire       2%         N/A       56%         3
 Portal Projectile        Hex/Tloc       4%         N/A       56%         3
 Cause Fear               Hex            2%         N/A       82%         4


Dungeon Overview and Level Annotations

Branches:
Dungeon (1/15)

Altars:
Lugonu


Innate Abilities, Weirdness & Mutations

You are too large for most types of armour.
You have claws for hands.
Your natural rate of healing is unusually fast.
You are covered in fur. (AC +1)
You have tough skin. (AC +1)


Message History

You kill the ball python!
h - a ring of ice No target in view!
There is a stone staircase leading down here.
Key pressed, stopping explore.
No target in view!
Key pressed, stopping explore.
No target in view!
Found a faded altar of an unknown god.
Okay, then.
Drop what? 8/52 slots (_ for help) (? for menu, Esc to quit)
You drop a ring of ice.
Key pressed, stopping explore.
Unknown command.
Unknown command.
Unknown command.
You scratch the plant but do no damage. You claw the plant!
The plant begins to die.
The plant is lightly damaged.
You scratch the plant.
The plant is lightly damaged.
You scratch the plant.
The plant is lightly damaged.
You scratch the plant.
The plant is lightly damaged.
You scratch the plant.
The plant is lightly damaged.
A nearby plant withers and dies.
You enter the shallow water.
Moving in this stuff is going to be slow.
There is a faded altar of an unknown god here.
You cannot tell which god this altar belongs to.
Convert to them anyway? [Y]es or [N]o only, please.
You cannot tell which god this altar belongs to.
Convert to them anyway?
Okay, then.
You cannot tell which god this altar belongs to.
Convert to them anyway?
Lugonu accepts your prayer! Lugonu welcomes you!
You can now depart the Abyss.
You can now bend space around yourself.
Are you sure you want to abandon this character and quit the game? (Confirm with "yes".)

....####..<≈≈⌠#.#.....####.......
....###########.#.....# #.......
............# #.#.....# #.......
....#######.# #.#####.# #.......
....# #.###.#####.####.######
##### #.....#...............#
#.PPP.#.......#######.#
#...P######...# #..P.#@#..#...#
#..≈P#.#..#...# #...#....P....#
##..#..≈⌠⌠≈..## #..#.≈⌠⌠..PP#
#..#.PPP...P.# #.#=P.P..P.P.#
#.#.P...≈..... ########...###


There were no monsters in sight!

Vanquished Creatures
  2 ball pythons (D:1)
  2 bats (D:1)
  An endoplasm (D:1)
  2 goblins (D:1)
  A hobgoblin (D:1)
  A kobold (D:1)
  3 rats (D:1)
12 creatures vanquished.

Vanquished Creatures (others)
  A plant (D:1)
1 creature vanquished.

Grand Total: 13 creatures vanquished

Notes
Turn   | Place    | Note
-------+----------+-------------------------------------------
     0 | D:1      | lawman0 the Troll Arcane Marksman began the quest for the
                  | Orb.
     0 | D:1      | Reached XP level 1. HP: 18/18 MP: 1/1
   129 | D:1      | Reached XP level 2. HP: 26/26 MP: 2/2
   589 | D:1      | Found a faded altar of an unknown god.
   603 | D:1      | Prayed at the altar of an unknown god.
   603 | D:1      | Became a worshipper of Lugonu the Unformed
   603 | D:1      | Reached * piety under Lugonu
   603 | D:1      | Reached ** piety under Lugonu
   604 | D:1      | Quit the game

Illustrated notes

Levels and vault maps discovered:
D:1:      amcnicky_arrival_flooded_fountain, layout_basic,
          shapermc_ecumenical_altar_mp_ritualfount, palyth_stone_intersect,
          amcnicky_mini_rare_corridor_liquid, minmay_stone_trees_medium,
          minmay_misc_feat_cross

Action                   || total
-------------------------++-------
Melee: Unarmed           ||    29
Armor: Robe              ||    10
Dodge: Dodged            ||    12

Table legend: (Time is in decaauts)
 A = Elapsed time spent in this place.
 B = Non-inter-level travel time spent in this place.
 C = Inter-level travel time spent in this place.
 D = Time resting spent in this place.
 E = Time spent auto-exploring this place.
 F = Levels seen in this place.
 G = Mean time per level.
                   A        B        C        D        E       F      G
               +--------+--------+--------+--------+--------+-----+--------+
         Total |    605 |    605 |      0 |      0 |    496 |   1 |  605.0 |
       Dungeon |    605 |    605 |      0 |      0 |    496 |   1 |  605.0 |
               +--------+--------+--------+--------+--------+-----+--------+

Top non-repeatable levels by time:
     D:1: 605 daAuts
